Map: Blueshift LE

Players

Neeb

  • Race: Protoss Protoss
  • Spawn Location: 1:00

Semper - Winner!

  • Race: Terran Terran
  • Spawn Location: 7:00

Event: WCS Montreal 2018

VOD

Have the link to the VOD?

Description

Time

  • Played on: Sept. 7, 2018, 6:50 p.m.
  • Length: 5:25

All games in this series

Show
View Real Time Build Order
Export as new Build Order

Neeb Protoss 

Build Orders: 1 Gate Expand 

Get SALT Encoding   

  12  0:00  Probe  
  13  0:12  Probe  
  14  0:19  Pylon  
  14  0:24  Probe  
  15  0:33  Probe  
  15  0:38  Gateway  
  15  0:41  Probe  
  16  0:47  Assimilator  
  17  0:52  Probe  
  18  1:04  Probe  
  19  1:16  Probe  
  20  1:27  Cybernetics Core  
  20  1:33  Nexus  
  22  1:45  Pylon  
  22  1:49  Probe  
  22  1:54  Assimilator  
  23  1:55  Adept  
  23  2:01  Probe  
  24  2:13  Probe  
  25  2:18  Warp Gate  
  25  2:21  Stalker  
  27  2:25  Probe  
  28  2:31  Shield Battery  
  27  2:37  Probe  
  28  2:44  Stalker  
  28  2:46  Robotics Facility  
  28  2:49  Probe  
  29  3:13  Stalker  
  29  3:14  Gateway  
  29  3:16  Gateway  
  31  3:24  Gateway  
  31  3:26  Warp Prism  
  32  3:36  Stalker  
  32  3:47  Probe  
  35  3:48  Probe  
  35  3:55  Pylon  
  36  3:59  Probe  
  36  4:01  Probe  
  38  4:17  Observer  
  39  4:25  Stalker x3  
  39  4:26  Stalker  
  47  4:38  Pylon  
  40  4:49  Stalker  
Show
View Real Time Build Order
Export as new Build Order

Semper Terran - Winner!

Build Orders:  

Get SALT Encoding   

  12  0:00  SCV  
  13  0:12  SCV  
  14  0:17  Supply Depot  
  14  0:25  SCV  
  15  0:38  SCV  
  15  0:39  Barracks  
  16  0:46  Refinery  
  16  0:50  SCV  
  17  0:59  Refinery  
  17  1:03  SCV  
  18  1:16  SCV  
  19  1:26  Marine  
  19  1:28  Orbital Command  
  20  1:44  Command Center  
  20  1:47  Marine  
  21  1:54  SCV  
  22  2:02  Factory  
  22  2:05  Marine  
  23  2:10  Supply Depot  
  23  2:18  Refinery  
  23  2:31  SCV, Marine  
  25  2:44  SCV  
  26  2:47  Hellion  
  26  2:49  Marine  
  29  2:53  Starport  
  29  2:56  SCV  
  30  2:59  Orbital Command  
  30  3:07  Marine  
  30  3:08  SCV  
  30  3:09  Hellion  
  34  3:21  SCV  
  34  3:23  Supply Depot  
  34  3:25  SCV  
  36  3:29  Medivac  
  36  3:32  Hellion  
  40  3:34  SCV  
  41  3:42  Barracks Reactor  
  41  3:43  SCV  
  41  3:44  Supply Depot  
  42  3:53  SCV  
  42  3:54  Widow Mine  
  45  4:00  Viking  
  47  4:04  SCV  
  47  4:06  Supply Depot  
  47  4:08  Bunker  
  48  4:12  SCV  
  48  4:15  Cyclone  
  52  4:20  Marine x2  
  52  4:22  SCV  
  55  4:31  Starport Tech Lab  
  55  4:32  Supply Depot  
  55  4:34  SCV  
  55  4:38  Marine x2  
  58  4:44  SCV  
  56  4:49  Cyclone  
  59  4:54  SCV  
  59  4:55  Marine  
  59  4:56  Marine  
  53  5:03  SCV  
Tags
 
Add a new tag
Caveats
  • Supply blocks, unpowered buildings, or Contaminate may cause inaccurate times.
  • Supply counts are checked every 10 seconds.